 Dungeon Crawl Stone Soup version 0.19.1-1-g22dce08 (webtiles) character file.

65 galech the Skirmisher (level 3, 0/37 HPs)
             Began as a Troll Fighter on Jan 5, 2017.
             Slain by an adder (5 damage)
             ... on level 2 of the Dungeon.
             The game lasted 00:03:07 (1821 turns).

galech the Skirmisher (Troll Fighter)               Turns: 1821, Time: 00:03:08

Health: 0/37       AC:  6    Str: 25    XL:     3   Next: 92%
Magic:  2/2        EV:  8    Int:  4    God:
Gold:   137        SH:  8    Dex:  9    Spells: 0 memorised, 2 levels left

rFire  + . .     SeeInvis .     a - +0 flail
rCold  x . .     Gourm    +     b - +0 robe
rNeg   . . .     Faith    .     c - +0 shield
rPois  .         Spirit   .     (helmet restricted)
rElec  .         Reflect  .     l - +0 cloak
rCorr  .         Harm     .     (gloves unavailable)
MR     .....                    (boots unavailable)
Stlth  +.........               (no amulet)
                                (no ring)
                                r - ring of fire

@: lethally poisoned (0 -> -1), drained
A: unfitting armour, claws 3, fast metabolism 3, gourmand, regeneration 1,
shaggy fur 1, tough skin 2
a: no special abilities


You were on level 2 of the Dungeon.
You were very full.

You visited 1 branch of the dungeon, and saw 3 of its levels.

You collected 137 gold pieces.

Inventory:

Hand Weapons
 a - a +0 flail (weapon)
Armour
 b - a +0 robe (worn)
 c - a +0 shield (worn)
 l - a +0 cloak (worn)
Jewellery
 r - a ring of fire (left claw)
Scrolls
 g - a scroll of immolation {unknown}
 h - 2 scrolls of teleportation {unknown}
 j - 2 scrolls of random uselessness {unknown}
 k - 5 scrolls of remove curse {unknown}
 n - a scroll of fear {unknown}
 p - 2 scrolls of identify {unknown}
 s - a scroll of blinking {unknown}
Potions
 d - a potion of might
 e - 2 potions of brilliance {unknown}
 o - a potion of agility {unknown}
Comestibles
 f - 2 bread rations
 i - a meat ration
 m - 3 chunks of flesh
 q - a beef jerky


   Skills:
 + Level 3.1(2.8) Fighting
 + Level 2.4(2.1) Maces & Flails
 + Level 3.0(2.8) Dodging
 - Level 2.4(2.2) Shields


You had 2 spell levels left.
You didn't know any spells.

Dungeon Overview and Level Annotations

Branches:
Dungeon (3/15)

Altars:

Annotations:
D:3 Exporg's ghost, amateur MiBe


Innate Abilities, Weirdness & Mutations

You are too large for most types of armour.
You have claws for hands.
Your metabolism is lightning-fast.
You like to eat raw meat.
Your natural rate of healing is unusually fast.
You are covered in fur. (AC +1)
You have very tough skin. (AC +2)


Message History

You are too injured to fight recklessly!
You are too injured to fight recklessly!
You are too injured to fight recklessly!
You are too injured to fight recklessly!
You are too injured to fight recklessly!
You are too injured to fight recklessly!
You are too injured to fight recklessly!
You hit the adder but do no damage. The adder bites you.
* * * LOW HITPOINT WARNING * * *
You are more poisoned.
The adder poisons you! You block the adder's attack.
You barely miss the adder.
You feel sick. The adder bites you but does no damage.
Some of the chunks of flesh in your inventory have rotted away.
You hit the adder but do no damage.
You feel sick. The adder barely misses you. You block the adder's attack.
You barely miss the adder.
You feel sick. The adder bites you but does no damage.
The adder barely misses you.
You miss the adder. You block the adder's attack. The adder bites you.
You die...

##### #..# #.# #># ##.(###
#(# #.# #...#.##
#.####.###### #.#....#
###............
##...#.######.............#
#...(#..(.....######.####.#
#######.####.######## #.#
#.# .....)......#....# #.#
#..
.#####...###.###@#########.#
### .# #...#
#....#S.........# .#
#...###.#.###.#######.# .#
#........## ##..).....# .#
#.#.###.#.###.######### .#
#..........#.## .#
###...........# .#
#####.#####.##############
.# #.#####...............


You could see an adder.

Vanquished Creatures
  2 adders (D:2)
  A worm (D:2)
  2 dart slugs (D:1)
  2 leopard geckos
  A ball python (D:2)
  5 bats
  3 giant cockroaches (D:2)
  5 goblins
  5 hobgoblins
  6 kobolds
  2 frilled lizards (D:2)
  4 rats
38 creatures vanquished.

Notes
Turn   | Place    | Note
-------+----------+-------------------------------------------
     0 | D:1      | galech the Troll Fighter began the quest for the Orb.
     0 | D:1      | Reached XP level 1. HP: 22/22 MP: 0/0
   191 | D:1      | Reached XP level 2. HP: 29/29 MP: 1/1
  1055 | D:2      | Reached XP level 3. HP: 34/36 MP: 2/2
  1338 | D:2      | Found a faded altar of an unknown god.
  1790 | D:3      | Noticed Exporg's ghost (amateur MiBe)
  1821 | D:2      | Slain by an adder

Skill      XL: |  1  2  3 |
---------------+----------+-----
Maces & Flails | 2 |  2.4
Fighting       | 3 |  3.1
Dodging        | 3 |  3.0
Shields        | |  2.4

Action                   || total
-------------------------++-------
Melee: Flail             ||   162
  Eat: Chunk             ||    18
       Bread ration      ||     1
Armor: Robe              ||    79
Dodge: Dodged            ||    69
Block: Shield            ||    92
